 Dungeon Crawl Stone Soup version 0.24-a0-530-g18ba70b503 (webtiles) character file.

Game seed: 3675508827094601104

457 Norm the Cudgeler (level 7, -7/70 HPs)
             Began as an Ogre Abyssal Knight on Aug 9, 2019.
             Was a Priest of Lugonu.
             Killed from afar by Sigmund (11 damage)
             ... with a magic dart
             ... on level 4 of the Dungeon.
             The game lasted 00:10:55 (5869 turns).

Norm the Cudgeler (Ogre Abyssal Knight)             Turns: 5869, Time: 00:10:57

Health: -7/70      AC:  3    Str: 22    XL:     7   Next: 6%
Magic:  8/8        EV: 10    Int: 15    God:    Lugonu [***...]
Gold:   165        SH:  0    Dex:  8    Spells: 6/6 levels left

rFire    . . .     SeeInvis .   a - +0 flail
rCold    . . .     Gourm    .   (no shield)
rNeg     . . .     Faith    .   q - +0 robe
rPois    .         Spirit   .   (helmet restricted)
rElec    .         Reflect  .   (no cloak)
rCorr    .         Harm     .   (gloves unavailable)
MR       .....                  (boots unavailable)
Stlth    +.........             (no amulet)
HPRegen  0.21/turn              (no ring)
MPRegen  0.11/turn              (no ring)

@: mighty, very slightly contaminated, invisible
A: large, unfitting armour, tough skin 1
a: Depart the Abyss, Bend Space, Banish, Renounce Religion


You were on level 4 of the Dungeon.
You worshipped Lugonu.
Lugonu was most pleased with you.
You were not hungry.

You visited 1 branch of the dungeon, and saw 4 of its levels.
You visited the Abyss 1 time.

You collected 165 gold pieces.

Inventory:

Hand Weapons
 a - a +0 flail (weapon)
 b - a +0 hunting sling
 u - a +1 mace
Missiles
 h - 14 poisoned darts
 p - 120 stones (quivered)
Armour
 q - a +0 robe (worn)
Scrolls
 e - a scroll of amnesia {unknown}
 f - a scroll of blinking {unknown}
 g - a scroll of fog {unknown}
 i - a scroll of fear {unknown}
 j - 4 scrolls of identify
 k - 4 scrolls of remove curse {unknown}
 n - 4 scrolls of teleportation {unknown}
 r - a scroll of enchant armour {unknown}
 t - a scroll of immolation {unknown}
Potions
 d - a potion of flight
 s - a potion of cancellation
Comestibles
 c - 4 rations


   Skills:
 - Level 4.0 Fighting
 + Level 6.7 Maces & Flails
 - Level 2.1 Dodging
 - Level 2.0 Invocations


You had 6 spell levels left.
You didn't know any spells.
Your spell library was empty.

Dungeon Overview and Level Annotations

Branches:
Dungeon (4/15)
 Temple: D:4-7

Altars:

Annotations:
D:2 1 runed translucent door, Crazy Yiuf
D:4 Sigmund


Innate Abilities, Weirdness & Mutations

You are too large for most types of armour.
You have tough skin. (AC +1)


Message History

You miss something. Something hits you!
* * * LOW HITPOINT WARNING * * *
Unknown command.
You feel very mighty all of a sudden.
You hear some strange, mumbled words.
A puff of flame appears from out of thin air!
The puff of flame hits you!
* * * LOW HITPOINT WARNING * * *
Unknown command.
You closely miss something.
You hear some strange, mumbled words.
A puff of flame appears from out of thin air!
The puff of flame hits you.
* * * LOW HITPOINT WARNING * * *
Unknown command.
You barely miss something.
You hear some strange, mumbled words.
A magic dart appears from out of thin air!
The magic dart hits you!
You die...

#............
#....oo......
#....###.....
###.{..# .#.
#.....##
#.....#######
..
#............
#.
#....[######.
..
#.....<@...#
#.
#.....####.#
#.
#.....####.#
####
####.......#
##...
###......
..... .#####
##... .. #...
### #... #...


There were no monsters in sight!

Vanquished Creatures
  A bullfrog (D:4)
  An orc priest (D:2)
  4 orc wizards (D:3)
  An iguana (D:3)
  12 adders
  An ooze (D:2)
  3 worms
  2 dart slugs (D:3)
  5 leopard geckos
  8 orcs
  A ball python (D:1)
  3 giant cockroaches
  21 goblins
  8 hobgoblins
  3 jackals (D:1)
  4 kobolds (D:1)
  7 bats
  2 frilled lizards
  16 rats
103 creatures vanquished.

Notes
Turn   | Place    | Note
-------+----------+-------------------------------------------
     0 | Abyss:1  | Norm the Ogre Abyssal Knight began the quest for the Orb.
     0 | Abyss:1  | Reached XP level 1. HP: 24/24 MP: 2/2
     8 | D:1      | Escaped the Abyss
    28 | D:1      | Reached skill level 2 in Maces & Flails
   125 | D:1      | Reached XP level 2. HP: 13/32 MP: 3/3
   786 | D:1      | Reached skill level 3 in Maces & Flails
   825 | D:1      | Reached ** piety under Lugonu
   909 | D:1      | Reached XP level 3. HP: 37/39 MP: 4/4
  1484 | D:2      | Reached XP level 4. HP: 48/48 MP: 5/5
  1575 | D:2      | Reached skill level 4 in Maces & Flails
  2231 | D:2      | Reached *** piety under Lugonu
  2333 | D:2      | Found a runed translucent door.
  2334 | D:2      | Noticed Crazy Yiuf
  2505 | D:3      | Reached XP level 5. HP: 47/54 MP: 6/6
  3182 | D:3      | Reached skill level 5 in Maces & Flails
  4131 | D:2      | Reached XP level 6. HP: 23/62 MP: 7/7
  4671 | D:3      | Reached skill level 6 in Maces & Flails
  4837 | D:4      | Noticed Sigmund
  5345 | D:3      | Reached XP level 7. HP: 15/70 MP: 8/8
  5869 | D:4      | Killed from afar by Sigmund

Levels and vault maps discovered:
D:1:      lemuel_arrival_lava_pool, layout_loops_ring, st_stairs_4,
          minmay_rat_gold_closets
D:2:      layout_rooms, minmay_pentomino_r2, uniq_crazy_yiuf_cottage, uniq_robin
D:3:      layout_basic
D:4:      lemuel_castle_with_subvaults [lemuel_castle_interior_carwin_2],
          layout_basic, nicolae_overflow_hidden_temple, enter_ossuary_1,
          first_ration, uniq_sigmund

Skill      XL: |  1  2  3  4  5  6 |
---------------+-------------------+-----
Maces & Flails | 2 3 4 5 6 |  6.7
Fighting       | |  4.0
Dodging        | |  2.1
Invocations    | |  2.0

Action                   |  1- 3 |  4- 6 |  7- 9 || total
-------------------------+-------+-------+-------++-------
Melee: Mace              |   108 |   111 |       ||   219
       Flail             |       |    62 |    26 ||    88
 Fire: Hunting sling     |       |    99 |       ||    99
Throw: Stone             |    42 |    21 |       ||    63
       Dart              |     7 |    15 |       ||    22
  Use: Scroll            |       |     4 |       ||     4
       Potion            |       |       |     3 ||     3
  Eat: Chunk             |     1 |    12 |       ||    13
       Ration            |       |       |     1 ||     1
Armor: Robe              |    42 |    40 |     2 ||    84
Dodge: Dodged            |    64 |   109 |     1 ||   174

Table legend:
 A = Non-vault XP
 B = Vault XP
 C = Vault XP percentage of total XP
 D = Non-vault monster count
 E = Vault monster count
 F = Vault count percentage of total count
                 A         B        C        D         E       F
            +---------+---------+-------+---------+---------+-------
      Total |     614 |      39 |   6.0 |      84 |      19 |  18.4
            +---------+---------+-------+---------+---------+-------
        D:1 |      48 |      12 |  20.0 |      27 |      10 |  27.0
        D:2 |     120 |      27 |  18.4 |      20 |       9 |  31.0
        D:3 |     345 |       0 |   0.0 |      34 |       0 |   0.0
        D:4 |     101 |       0 |   0.0 |       3 |       0 |   0.0
            +---------+---------+-------+---------+---------+-------
